 Dungeon Crawl Stone Soup version 0.31-a0-1074-g0b22e4e0f1 (webtiles) character file.

Game seed: 11859567975804730319

220 ytrimaz the Shield-Bearer (level 6, 0/47 HPs)
             Began as a Formicid Fighter on Dec 8, 2023.
             Slain by Duvessa
             ... wielding a +0 short sword
              (15 damage)
             ... on level 4 of the Dungeon.
             The game lasted 00:02:10 (2292 turns).

ytrimaz the Shield-Bearer (Formicid Fighter)        Turns: 2292, Time: 00:02:10

Health: 0/47       AC: 12    Str: 21    XL:     6   Next: 18%
Magic:  6/6        EV:  9    Int:  7    God:
Gold:   149        SH:  6    Dex: 15    Spells: 5/5 levels left

rFire   . . .        j - +2 hand axe (venom)
rCold   . . .        c - +0 buckler
rNeg    . . .        f - +3 scale mail
rPois   .            (helmet unavailable)
rElec   .            (no cloak)
rCorr   .            h - +1 pair of gloves
SInv    +            (no boots)
Will    ++...        (no amulet) Stlth
                     m - ring of willpower
HPRegen 0.27/turn    o - ring of willpower
MPRegen 0.10/turn

%: no passive effects
@: lethally poisoned (0 -> -5)
A: permanent stasis, dig shafts and tunnels, antennae 3, four strong arms
a: Dig, Shaft Self


You were on level 4 of the Dungeon.
You visited 1 branch of the dungeon, and saw 4 of its levels.

You collected 149 gold pieces.


Innate Abilities, Weirdness & Mutations

You cannot be hasted, slowed, berserked, paralysed or teleported.
You can dig through walls and to a lower floor.
You have a pair of large antennae on your head. (SInv)
Your four strong arms can wield two-handed weapons with a shield.


   Skills:
 - Level 3.2 Fighting
 + Level 4.4 Axes
 - Level 3.2 Armour
 + Level 6.6 Shields


You had 5 spell levels left.
You didn't know any spells.
Your spell library contained the following spells:

 Spells                   Type           Power      Damage    Failure   Level
 Apportation              Tloc           0%         N/A       83%         1
 Magic Dart               Conj           0%         1d3       83%         1
 Necrotise                Necr           0%         1d4       83%         1
 Summon Small Mammal      Summ           0%         N/A       83%         1
 Call Imp                 Summ           0%         N/A       92%         2
 Sublimation of Blood     Necr           0%         N/A       92%         2
 Wereblood                Tmut           0%         N/A       92%         2
 Mephitic Cloud           Conj/Pois/Air  0%         N/A       99%         3
 Summon Hydra             Summ           0%         N/A       100%        7

Inventory:

Hand Weapons
 a - a +0 war axe
 g - a +0 battleaxe
   (You found it on level 1 of the Dungeon)
 j - a +2 hand axe of venom (weapon)
   (You found it on level 1 of the Dungeon)
Armour
 c - a +0 buckler (worn)
 f - a +3 scale mail (worn)
   (You found it on level 1 of the Dungeon)
 h - a +1 pair of gloves (worn)
   (You found it on level 1 of the Dungeon)
Jewellery
 m - a ring of willpower (left hand)
   (You found it on level 2 of the Dungeon)
 o - a ring of willpower (right hand)
   (You found it on level 2 of the Dungeon)
Scrolls
 b - a scroll of fear
 e - 2 scrolls of enchant weapon
 k - 2 scrolls of noise
 l - a scroll of amnesia
 n - a scroll of enchant armour {unknown}
Potions
 d - 2 potions of might
 i - a potion of curing {unknown}
 p - a potion of berserk rage {unknown}
 q - a potion of enlightenment {unknown}

Dungeon Overview and Level Annotations

Branches:
Dungeon (4/15) Zot: 21672
 Temple: D:4-7

Altars:
Sif Muna

Annotations:
D:1 1 transporter
D:4 Duvessa

.$. #.. #.. ..## . #.#
###.... .. #..## .....#.
#..## ...####.#.....
...... #..##..#)..##
.##...#######.##.##.....
.)<.......#.......)....#
......e@...............#
####...##...............
###. #...............
#..................
##.:...............
#.#...............
#..#.............#
##..............##
###...###..###..#


You could see Duvessa (berserk, extremely poisoned).


Message History

An iguana is nearby!
You closely miss the iguana. The iguana barely misses you.
You closely miss the iguana. You block the iguana's attack.
Unknown command.
You completely miss the iguana.
The iguana bites you but does no damage.
You hit the iguana. The iguana bites you! 😕 HP[-8]
You take 8 damage, and now have 33/41 hp.
You closely miss the iguana. The iguana bites you. 😮 HP[-6]
You take 6 damage, and now have 27/41 hp.
You hit the iguana. The iguana completely misses you.
Unknown command.
You slash the iguana!
The iguana is poisoned.
The iguana bites you. x2
* * * LOW HITPOINT WARNING * * *
You are too injured to fight recklessly! 😨 HP[-8]
You take 8 damage, and now have 19/41 hp.
You hit the iguana.
You kill the iguana!
Your Axes skill increases to level 4!
You are too injured to fight recklessly!
Unknown command.
You are too injured to fight recklessly!
Key pressed, stopping explore.
You now have 143 gold pieces (gained 17).
p - an emerald potion 😎 HP[+22]
Your hp is fully restored (41).
A kobold comes into view. It is wielding a +0 club.
The kobold shouts!
A kobold is nearby!
An orc comes into view. It is wielding a +0 dagger.
There are monsters nearby!
You block the kobold's attack.
You hit the kobold.
You kill the kobold!
You see here a +0 club.
The orc completely misses you.
You barely miss the orc. You block the orc's attack.
You closely miss the orc. The orc hits you but does no damage.
Unknown command.
You slash the orc!
You kill the orc!
No target in view!
You see here a +0 dagger.
No target in view!
You see here a +0 club.
q - a sedimented green potion Unknown command.
You now have 149 gold pieces (gained 6).
You see here a +0 club.
Key pressed, stopping explore.
Duvessa and Dowan come into view.
Dowan is wielding a +5 dagger of venom.
Duvessa shouts!
Found a stone staircase leading up.
Dowan says, "My weaknesses are her strengths!"
Duvessa hits you but does no damage. Dowan barely misses you.
You hit Duvessa but do no damage.
Duvessa is poisoned.
You hit Dowan.
Dowan is poisoned.
Duvessa hits you but does no damage.
Dowan hits you with a +5 dagger of venom.
You are poisoned. 😕 HP[-1]
You take 1 damage, and now have 40/41 hp.
You closely miss Duvessa. You barely miss Dowan.
You feel sick. Duvessa misses you. Dowan hits you but does no damage.
You are more poisoned. 😕 HP[-1]
You take 1 damage, and now have 39/41 hp.
You hit Duvessa.
Duvessa looks as sick as possible!
You hit Dowan.
Dowan looks as sick as possible!
You feel very sick. Duvessa barely misses you.
Dowan mumbles some strange words.
Dowan blinks!
Duvessa says, "Practise, practise, practise!
One day you'll be as good as me." You block Duvessa's attack. 😕 HP[-5]
You take 5 damage, and now have 34/41 hp.
You hit Duvessa but do no damage.
Duvessa looks as sick as possible!
You feel very sick.
You kill Dowan!
Duvessa screams in rage.
Duvessa goes berserk!
Duvessa hits you with a +0 short sword!
* * * LOW HITPOINT WARNING * * *
You have reached level 6!
You hit Duvessa but do no damage.
Duvessa looks as sick as possible!
You feel sick.
You block Duvessa's attack. 😨 HP[-17] MP[+1]
You now have 47 max hp (+6).
You take 17 damage, and now have 17/47 hp.
MASSIVE DAMAGE!! (PAUSE)
Your mp is fully restored (6).
Okay, then.
Okay, then.
You feel sick. Duvessa hits you with a +0 short sword!
You die...

Skill      XL: |  1  2  3  4  5 |
---------------+----------------+-----
Shields        | 5 6 |  6.6
Axes           | 3 4 |  4.4
Fighting       | |  3.2
Armour         | |  3.2

Action                     |  1- 3 |  4- 6 || total
---------------------------+-------+-------++-------
  Melee: War axe           |    59 |       ||    59
         Hand axe          |    23 |    66 ||    89
Ability: Shaft Self        |       |     1 ||     1
    Use: Scroll            |       |     5 ||     5
 Armour: Scale mail        |    65 |    40 ||   105
  Dodge: Dodged            |    47 |    27 ||    74
  Block: Buckler           |    27 |    20 ||    47

Levels and vault maps discovered:
D:1:      spicycebolla_arrival_risky_transporter, layout_loops_ring,
          minmay_lizard_pond
D:2:      layout_basic, st_stairs_8
D:3:      layout_loops_cross, nicolae_sif_muna_little_library,
          nicolae_overflow_hidden_temple, minmay_box_of_dots
D:4:      layout_rooms, moated_statue, minmay_hollow_rounded_squares,
          uniq_crazy_yiuf_cottage, uniq_duvessa, uniq_sigmund

Notes
Turn   | Place    | Note
-------+----------+-------------------------------------------
     0 | D:1      | ytrimaz the Formicid Fighter began the quest for the Orb.
     0 | D:1      | Reached XP level 1. HP: 18/18 MP: 1/1
     0 | D:1      | magus.rc [v1.9.6]
    48 | D:1      | Reached XP level 2. HP: 14/24 MP: 2/2
   217 | D:1      | Reached XP level 3. HP: 28/29 MP: 3/3
   613 | D:1      | Reached skill level 5 in Shields
   772 | D:2      | Reached skill level 3 in Axes
   803 | D:2      | You pick up a book of Cantrips and begin reading...
   803 | D:2      | You add the spells Necrotise, Summon Small Mammal and
                  | Apportation to your library.
   856 | D:2      | Reached XP level 4. HP: 33/35 MP: 4/4
   876 | D:2      | You pick up a book of Blood and begin reading...
   876 | D:2      | You add the spells Sublimation of Blood, Wereblood and
                  | Summon Hydra to your library.
  1194 | D:2      | You pick up a book of Minor Magic and begin reading...
  1194 | D:2      | You add the spells Magic Dart, Call Imp and Mephitic Cloud
                  | to your library.
  1652 | D:3      | Reached XP level 5. HP: 41/41 MP: 5/5
  1653 | D:3      | Reached skill level 6 in Shields
  2041 | D:3      | Found a shimmering blue altar of Sif Muna.
  2144 | D:4      | Reached skill level 4 in Axes
  2283 | D:4      | Noticed Duvessa
  2283 | D:4      | Noticed Dowan
  2290 | D:4      | Killed Dowan
  2291 | D:4      | Reached XP level 6. HP: 19/47 MP: 6/6
  2292 | D:4      | Slain by Duvessa

Vanquished Creatures
  Dowan (D:4)
  An orc priest (D:3)
  An iguana (D:4)
  4 adders
  3 worms (D:2)
  3 dart slugs
  3 orcs
  6 bats
  6 endoplasms
  2 giant cockroaches
  4 goblins
  5 hobgoblins
  5 jackals
  4 quokkas
  2 ball pythons
  9 frilled lizards (D:1)
  6 kobolds
  3 rats
68 creatures vanquished.

Table legend:
 A = Non-vault XP
 B = Vault XP
 C = Vault XP percentage of total XP
 D = Non-vault monster count
 E = Vault monster count
 F = Vault count percentage of total count
                 A         B        C        D         E       F
            +---------+---------+-------+---------+---------+-------
      Total |     233 |      82 |  26.0 |      55 |      13 |  19.1
            +---------+---------+-------+---------+---------+-------
        D:1 |      45 |       8 |  15.1 |      25 |       8 |  24.2
        D:2 |      59 |       3 |   4.8 |      15 |       2 |  11.8
        D:3 |      83 |       4 |   4.6 |      10 |       2 |  16.7
        D:4 |      46 |      67 |  59.3 |       5 |       1 |  16.7
            +---------+---------+-------+---------+---------+-------

Skill      XL: |  1  2  3  4  5 |
---------------+----------------+-----
Shields        | 5 6 |  6.6
Axes           | 3 4 |  4.4
Fighting       | |  3.2
Armour         | |  3.2

Action                     |  1- 3 |  4- 6 || total
---------------------------+-------+-------++-------
  Melee: War axe           |    59 |       ||    59
         Hand axe          |    23 |    66 ||    89
Ability: Shaft Self        |       |     1 ||     1
    Use: Scroll            |       |     5 ||     5
 Armour: Scale mail        |    65 |    40 ||   105
  Dodge: Dodged            |    47 |    27 ||    74
  Block: Buckler           |    27 |    20 ||    47

Illustrated notes

Table legend:
 A = Kills in this place as a percentage of kills in the entire game.
 B = Kills by you in this place as a percentage of kills by you in the entire game.
 C = Kills by friends in this place as a percentage of kills by friends in the entire game.
 D = Other kills in this place as a percentage of other kills in the entire game.
 E = Experience gained in this place as a percentage of experience gained in the entire game.
 F = Experience gained in this place divided by the number of levels of this place that you have seen.
                   A       B       C       D       E      F
               +-------+-------+-------+-------+-------+----------------------
         Total | 100.0 | 100.0 |   N/A |   N/A | 100.0 |  78.8
       Dungeon | 100.0 | 100.0 |   N/A |   N/A | 100.0 |  78.8
               +-------+-------+-------+-------+-------+----------------------

Table legend: (Time is in decaauts)
 A = Elapsed time spent in this place.
 B = Non-inter-level travel time spent in this place.
 C = Inter-level travel time spent in this place.
 D = Time resting spent in this place.
 E = Time spent auto-exploring this place.
 F = Levels seen in this place.
 G = Mean time per level.
                   A        B        C        D        E       F      G
               +--------+--------+--------+--------+--------+-----+--------+
         Total |   2326 |   2183 |    143 |      0 |   1693 |   4 |  581.5 |
       Dungeon |   2326 |   2183 |    143 |      0 |   1693 |   4 |  581.5 |
               +--------+--------+--------+--------+--------+-----+--------+

Top non-repeatable levels by time:
     D:1: 792 daAuts
     D:3: 738 daAuts
     D:2: 611 daAuts
     D:4: 185 daAuts
